 Dungeon Sprint DCSS version 0.16-a0-4097-gb4d75fa (webtiles) character file.

517 Hedron the Grappler (level 7, 0/57 HPs)
             Began as a Naga Transmuter on Feb 25, 2015.
             Was an Initiate of Cheibriados.
             Slain by Sonja
             ... wielding a +0 dagger of distortion
              (5 damage)
             ... in the Dungeon (Sprint I: "Red Sonja").
             The game lasted 00:04:51 (838 turns).

Hedron the Grappler (Naga Transmuter)                Turns: 838, Time: 00:04:52

Health: 0/57       AC:  4    Str: 16    XL:     7   Next: 20%
Magic:  17/21      EV: 10    Int: 14    God:    Cheibriados [......]
Gold:   184        SH:  0    Dex: 12    Spells: 5 memorised, 5 levels left

rFire  . . .     SeeInvis +       - Unarmed
rCold  . . .     Clarity  .     c - +0 robe
rNeg   . . .     SustAb   .     (shield currently unavailable)
rPois  +         Gourm    .     p - +0 helmet (curse)
rElec  .         Spirit   .     (no cloak)
rCorr  .         Warding  .     (gloves currently unavailable)
rMut   .         NoTele   +     (no barding)
MR     .....                    (no amulet)
Stlth  +.........               (no ring)
                                (no ring)

@: blade hands, very slow, not resistant to hostile enchantments, very
unstealthy
A: spit poison, see invisible, deformed body, poison resistance, slowness 2, AC
+2
a: Spit Poison, End Transformation, Bend Time, Renounce Religion


You were in the Dungeon.
You worshipped Cheibriados.
Cheibriados was noncommittal.
You were hungry.
You had blades for hands.
You visited 1 branch You collected 405 gold pieces.
You spent 221 gold pieces at shops.

Inventory:

Missiles
 b - 10 arrows
 o - 35 stones (quivered)
Armour
 c - a +0 robe (worn)
 p - a cursed +0 helmet (worn)
Scrolls
 j - a scroll of blinking
 m - a scroll of identify
Potions
 e - a potion of curing
 g - a potion of haste
 h - 2 potions of magic
 i - a potion of berserk rage
 l - a potion of restore abilities
 n - a potion of brilliance
Books
 d - a book of Changes

   Spells                             Type                      Level
   a - Beastly Appendage              Transmutation                1
   b - Sticks to Snakes               Transmutation                2
   c - Spider Form                    Transmutation/Poison         3
   d - Ice Form                       Ice/Transmutation            4
   e - Blade Hands                    Transmutation                5
Comestibles
 a - a bread ration


   Skills:
 - Level 1.0 Fighting
 - Level 1.5 Dodging
 * Level 11.0 Unarmed Combat
 + Level 7.0 Spellcasting
 + Level 7.8 Transmutations


You had 5 spell levels left.
You knew the following spells:

 Your Spells              Type           Power        Failure   Level  Hunger
a - Beastly Appendage     Trmt           ####..       14%         1    None
b - Sticks to Snakes      Trmt           ####......   14%         2    #......
c - Spider Form           Trmt/Pois      ###.......   45%         3    ##.....
d - Ice Form              Ice/Trmt       ###.....     73%         4    ####...
e - Blade Hands           Trmt           ####......   58%         5    ######.


Dungeon Overview and Level Annotations

Branches:
Dungeon (1/1)

Altars:
Cheibriados
Dithmenos
Elyvilon
Fedhas
Gozag
Kikubaaqudgha
Makhleb
Nemelex Xobeh
Okawaru
Qazlal
Ru
Sif Muna
Trog
Vehumet
Xom
Yredelemnul
Zin
The Shining One
Jiyva

Shops:
D *

Annotations:
D Sonja


Innate Abilities, Weirdness & Mutations

You cannot wear boots.
You can spit poison.
Your serpentine skin is tough (AC +2).
You have supernaturally acute eyesight.
Armour fits poorly on your strangely shaped body.
Your system is resistant to poisons.
You cover ground very slowly.


Message History

Sonja hits you but does no damage. Space bends around you.
Sonja barely misses you. Sonja hits you but does no damage.
Space bends around you. Sonja completely misses you.
Sonja hits you but does no damage.
You completely miss Sonja.
Sonja is lightly wounded.
Sonja twirls her cape.
Sonja hits you but does no damage. Space bends around you.
Sonja hits you with an uncursed dagger of distortion.
Space bends around you.
* * * LOW HITPOINT WARNING * * *
Sonja completely misses you.
You miss Sonja.
Sonja is lightly wounded.
Sonja hits you with an uncursed dagger of distortion.
* * * LOW HITPOINT WARNING * * *
Space bends around you.
* * * LOW HITPOINT WARNING * * *
Sonja hits you with an uncursed dagger of distortion.
You die...

######################
#<.#.)'..#..'..#__#..+
#..'..#..').#..'..'..#
#..#####'#####'#__####
#..####..#...#)####?$#
#..#__####..##.#≈≈≈§
#..#_..__##'#..+§≈§
#⌠⌠#_.∩...'.K._#§§§
####_..._##_@#'# +
#_____###(#.# #######
#.### +$.$+ #$.$#
##.## #+#


You could see Sonja.

Vanquished Creatures
  A slime creature (D)
  A yak (D)
  Sigmund (D)
  An ogre (D)
  A jelly (D)
  Ijyb (D)
6 creatures vanquished.

Vanquished Creatures (others)
  A wasp (D)
1 creature vanquished.

Grand Total: 7 creatures vanquished

Notes
Turn   | Place    | Note
--------------------------------------------------------------
     0 | D        | Hedron, the Naga Transmuter, began the quest for the Orb.
     0 | D        | Reached XP level 1. HP: 18/18 MP: 3/3
     1 | D        | Noticed Ijyb
    13 | D        | Killed Ijyb
    13 | D        | Reached skill level 4 in Unarmed Combat
    13 | D        | Reached XP level 2. HP: 9/25 MP: 3/5
   214 | D        | Learned a level 2 spell: Sticks to Snakes
   219 | D        | Noticed an ogre
   228 | D        | Killed an ogre
   228 | D        | Reached skill level 6 in Unarmed Combat
   228 | D        | Reached XP level 3. HP: 31/31 MP: 1/9
   228 | D        | Reached XP level 4. HP: 38/38 MP: 1/11
   316 | D        | Learned a level 3 spell: Spider Form
   321 | D        | Learned a level 4 spell: Ice Form
   331 | D        | Noticed Sigmund
   340 | D        | Killed Sigmund
   340 | D        | Reached skill level 8 in Unarmed Combat
   340 | D        | Reached skill level 5 in Spellcasting
   340 | D        | Reached skill level 5 in Transmutations
   340 | D        | Reached XP level 5. HP: 28/44 MP: 10/15
   464 | D        | Found a deep blue altar of Sif Muna.
   465 | D        | Noticed a jelly
   466 | D        | Found a radiant altar of Vehumet.
   471 | D        | Killed a jelly
   593 | D        | Found Imuiclodghe's General Store.
   593 | D        | Found a white marble altar of Elyvilon.
   593 | D        | Found a stormy altar of Qazlal.
   593 | D        | Found a burning altar of Makhleb.
   593 | D        | Found a sacrificial altar of Ru.
   593 | D        | Found a basalt altar of Yredelemnul.
   593 | D        | Found a glowing golden altar of the Shining One.
   593 | D        | Found a sparkling altar of Nemelex Xobeh.
   593 | D        | Found a shimmering altar of Xom.
   593 | D        | Found an opulent altar of Gozag.
   593 | D        | Found an ancient bone altar of Kikubaaqudgha.
   593 | D        | Found a glowing silver altar of Zin.
   593 | D        | Noticed a yak
   594 | D        | Found an iron altar of Okawaru.
   608 | D        | Killed a yak
   608 | D        | Reached skill level 9 in Unarmed Combat
   608 | D        | Reached XP level 6. HP: 40/51 MP: 15/19
   609 | D        | Found a bloodstained altar of Trog.
   675 | D        | Bought a potion of restore abilities for 65 gold pieces
   675 | D        | Bought a scroll of identify for 26 gold pieces
   675 | D        | Bought a potion of brilliance for 52 gold pieces
   675 | D        | Bought 26 stones for 33 gold pieces
   675 | D        | Bought a cursed +0 helmet for 45 gold pieces
   699 | D        | Found a snail-covered altar of Cheibriados.
   699 | D        | Found a viscous altar of Jiyva.
   699 | D        | Found a shadowy altar of Dithmenos.
   699 | D        | Found a blossoming altar of Fedhas.
   699 | D        | Noticed a slime creature
   708 | D        | Killed a slime creature
   708 | D        | Reached skill level 11 in Unarmed Combat
   708 | D        | Reached XP level 7. HP: 40/57 MP: 17/21
   796 | D        | Became a worshipper of Cheibriados the Contemplative
   822 | D        | Killed a wasp
   823 | D        | Learned a level 5 spell: Blade Hands
   827 | D        | Noticed Sonja
   838 | D        | Slain by Sonja

Action                   |  1- 3 |  4- 6 |  7- 9 || total
-------------------------+-------+-------+-------++-------
Melee: Unarmed           |    14 |    30 |     5 ||    49
 Cast: Beastly Appendage |     2 |       |       ||     2
       Sticks to Snakes  |     2 |       |       ||     2
       Spider Form       |       |     3 |       ||     3
       Blade Hands       |       |       |     1 ||     1
  Use: Scroll            |       |     1 |       ||     1
       Potion            |       |       |     1 ||     1
